 Dungeon Crawl Stone Soup version 0.27-a0-3-gcf006a40f5 (webtiles) character file.

Game seed: 14796160990113303937

12065 Conn the Arsonist (level 11, -2/68 HPs)
             Began as an Octopode Fire Elementalist on Jan 1, 2021.
             Was a Priest of Sif Muna.
             Slain by an ice beast (9 damage)
             ... summoned by an ice statue
             ... on level 11 of the Dungeon.
             The game lasted 01:03:30 (19406 turns).

Conn the Arsonist (Octopode Fire Elementalist)     Turns: 19406, Time: 01:03:33

Health: -2/68      AC:  1    Str:  8    XL:     11   Next: 87%
Magic:  15/21      EV: 16    Int: 21    God:    Sif Muna [***...]
Gold:   479        SH:  0    Dex: 12    Spells: 3/24 levels left

rFire    + + .     SeeInvis +   y - +3 short sword (flame)
rCold    x x .     Faith    +   (no shield)
rNeg     . . .     Spirit   .   (helmet restricted)
rPois    .         Reflect  .   E - amulet of faith
rElec    .         Harm     .   e - ring of see invisible
rCorr    .         Rampage  .   w - ring of fire
Will     .....                  t - ring of fire
Stlth    +++++.....             (no ring)
HPRegen  0.21/turn              (no ring)
MPRegen  0.17/turn              (no ring)
                                (no ring)
                                (no ring)

@: no status effects
A: almost no armour, stealthy swim, amphibious, 8 rings, constrict 8, camouflage
1, gelatinous body 1
a: Renounce Religion, Channel Magic, Forget Spell


You were on level 11 of the Dungeon.
You worshipped Sif Muna.
Sif Muna was most pleased with you.
You visited 1 branch of the dungeon, and saw 12 of its levels.
You also visited: Sewer.

You collected 1064 gold pieces.
You spent 585 gold pieces at shops.

Inventory:

Hand Weapons
 d - a +0 dagger
 v - a +0 dagger of speed
 y - a +3 short sword of flaming (weapon)
 B - a +4 dagger of freezing
Missiles
 a - 96 poisoned darts (quivered)
Armour
 x - a +0 buckler
Jewellery
 e - a ring of see invisible (left tentacle)
 f - an uncursed amulet of guardian spirit
 t - a ring of fire (on tentacle)
 w - a ring of fire (right tentacle)
 E - an amulet of faith (around mantle)
Wands
 c - a wand of flame (17)
 A - a wand of digging (6)
Scrolls
 b - 6 scrolls of remove curse
 h - a scroll of enchant armour
 j - a scroll of immolation
 l - 3 scrolls of teleportation
 p - a scroll of amnesia
 q - 3 scrolls of identify
 s - a scroll of magic mapping
 u - 3 scrolls of fear {unknown}
Potions
 g - a potion of cancellation
 i - a potion of attraction
 k - 4 potions of flight
 n - 3 potions of resistance
 o - a potion of brilliance
 z - 3 potions of curing
 C - a potion of might
Miscellaneous
 D - a lightning rod (inert)


   Skills:
 + Level 3.8 Fighting
 + Level 3.9 Short Blades
 + Level 0.8 Throwing
 + Level 5.9 Dodging
 + Level 6.5 Stealth
 + Level 7.1 Spellcasting
 * Level 9.9 Conjurations
 * Level 10.4 Fire Magic
 * Level 3.2 Invocations
 + Level 0.2 Evocations


You had 3 spell levels left.
You knew the following spells:

 Your Spells              Type           Power        Failure   Level
a - Foxfire               Conj/Fire      100%         1%          1
b - Conjure Flame         Conj/Fire      85%          1%          3
c - Inner Flame           Hex/Fire       61%          3%          3
d - Sticky Flame          Conj/Fire      85%          1%          4
e - Fireball              Conj/Fire      42%          3%          5
f - Iskenderun's Battles  Conj           49%          4%          5

Your spell library contained the following spells:

 Spells                   Type           Power        Failure   Level
 Bolt of Magma            Conj/Fire/Erth 34%          14%         5
 Orb of Destruction       Conj           24%          77%         7
 Iron Shot                Conj/Erth      14%          87%         6
 Spellforged Servitor     Conj/Summ      14%          100%        7


Dungeon Overview and Level Annotations

Branches:
Dungeon (12/15)            Temple (0/1) D:7            Lair (0/6) D:11
    Orc (0/2) D:11          Sewer (visited)

Altars:
Ashenzari
Cheibriados
Fedhas
Gozag
Makhleb
Ru
Sif Muna
Uskayaw
Vehumet
Xom
The Shining One

Shops:
D:9 :   D:11 [

Annotations:
D:6 CurlyBrace's ghost, amateur FeDe; Gargoyl's ghost, novice GnAK
D:11 exclusion: ice statue


Innate Abilities, Weirdness & Mutations

You cannot wear most types of armour.
You are very stealthy in the water. (Stealth+)
You are amphibious.
You can wear up to eight rings at the same time.
You can use your tentacles to constrict eight enemies at once.
Your skin changes colour to match your surroundings (Stealth+).
Your rubbery body absorbs attacks. (AC +1, EV +1)


Message History

The ice beast hits you. The ice beast freezes you!
You feel a terrible chill!
Unknown command.
The ice beast is engulfed in a cloud of scalding steam.
Casting: Foxfire (safe; 1% risk of failure)
Confirm with . or Enter, or press ? or * to list all spells.
You feel a strong surge of power!
You conjure some foxfire!
The ice beast is engulfed in a cloud of scalding steam.
The ice beast hits you. The ice beast freezes you!!
You feel a terrible chill! The ice beast hits you. The ice beast freezes you!!
You feel a terrible chill!
* * * LOW HITPOINT WARNING * * *
The ice beast is engulfed in a cloud of scalding steam.
The foxfire hits the ice beast.
The ice beast is heavily wounded.
The foxfire hits the ice beast.
The ice beast is moderately wounded.
The ice beast is engulfed in a cloud of scalding steam.
The ice beast barely misses you. The ice beast hits you.
* * * LOW HITPOINT WARNING * * *
The ice beast freezes you!
You feel a terrible chill!
You die...

≈≈≈≈≈≈≈≈≈≈≈≈≈≈≈≈.........#....#
≈≈≈≈≈≈≈≈†≈≈≈≈≈≈≈....(.........#
≈≈≈≈≈≈≈≈≈≈≈≈≈≈≈.........#.....#
≈≈≈≈≈≈≈≈≈≈≈≈≈≈≈.........#..####
8≈≈≈≈≈≈≈≈≈§≈.........#..##..
≈≈≈≈≈≈≈≈≈§≈§.........#..#...
≈≈≈≈≈≈≈≈≈§≈≈....#.####......
≈≈≈≈≈≈≈≈≈≈YY§...#.# ##.....
≈≈≈≈≈≈≈≈≈≈Y@....#.# #>....
≈≈≈≈≈≈≈≈≈≈≈≈....#.# ###...
≈≈≈≈≈≈≈≈≈≈≈≈....#.# ##..
≈≈≈≈≈≈≈≈≈≈≈≈......# ###
≈≈≈≈≈≈≈≈≈≈≈......# ##+#
#≈≈≈≈≈≈≈≈≈≈...#.# #...
##≈≈≈≈≈≈≈≈≈...#.#######...
##≈≈≈≈≈≈≈≈...#.#<....#...
#.≈≈≈≈≈≈≈...#.#####.##'#


You could see 3 ice beasts.

Vanquished Creatures
  An unseen horror (D:11)
  The ghost of mokwee the Sneak, a novice OpVM of Sif Muna (D:6)
  A manticore (D:12)
  A gargoyle (D:10)
  2 kobold demonologists (D:7)
  A troll (D:10)
  2 wraiths (D:10)
  A water elemental (D:11)
  10 yaks
  3 wargs
  An acid dragon (D:11)
  A water moccasin (D:6)
  10 orc warriors
  A sky beast (D:9)
  12 ice beasts (D:11)
  2 black bears
  3 necrophages
  4 ogres
  2 phantoms
  2 centaurs
  The ghost of qipq the Poker, an amateur OpGl (D:6)
  4 big kobolds (D:7)
  7 bullfrogs
  2 gnoll sergeants
  A wyvern zombie (D:11)
  4 scorpions
  5 killer bees (D:10)
  A water moccasin skeleton (D:7)
  9 wights
  2 howler monkeys (D:7)
  5 electric eels
  A crimson imp (D:7)
  16 orc wizards
  A quasit (D:11)
  A bullfrog zombie (D:9)
  4 hounds
  3 jellies
  11 orc priests
  A centaur skeleton (D:6)
  A bullfrog skeleton (D:6)
  Terence (D:3)
  4 worker ants
  2 hound zombies (D:5)
  A hound skeleton (D:11)
  8 gnolls
  7 river rats (Sewer)
  15 adders
  A white imp (D:5)
  An ufetubus (D:6)
  An adder skeleton (D:4)
  9 worms
  5 dart slugs
  5 leopard geckos
  66 orcs
  6 ball pythons
  8 giant cockroaches
  7 goblins
  4 hobgoblins
  5 iguanas
  11 jackals
  26 kobolds
  6 quokkas
  5 bats
  4 frilled lizards
  A jackal skeleton (D:5)
  A leopard gecko zombie (D:9)
  2 quokka skeletons
  27 rats
380 creatures vanquished.

Vanquished Creatures (others)
  1099 foxfires
1099 creatures vanquished.

Grand Total: 1479 creatures vanquished

Notes
Turn   | Place    | Note
-------+----------+-------------------------------------------
     0 | D:1      | Conn the Octopode Fire Elementalist began the quest for the
                  | Orb.
     0 | D:1      | Reached XP level 1. HP: 11/11 MP: 3/3
   260 | D:1      | Reached XP level 2. HP: 17/17 MP: 0/5
   959 | D:2      | Reached XP level 3. HP: 16/21 MP: 1/6
  1114 | D:1      | Learned a level 3 spell: Conjure Flame
  1540 | D:2      | Found a glowing golden altar of the Shining One.
  1560 | D:2      | Found a blossoming altar of Fedhas.
  1613 | D:2      | Reached skill level 4 in Fire Magic
  1613 | D:2      | Reached XP level 4. HP: 9/27 MP: 0/7
  2340 | D:2      | Found a shimmering altar of Xom.
  2341 | D:2      | Found a snail-covered altar of Cheibriados.
  2440 | D:3      | Reached XP level 5. HP: 31/31 MP: 5/9
  2690 | D:3      | Noticed Terence
  2699 | D:3      | Killed Terence
  2755 | D:3      | Learned a level 3 spell: Inner Flame
  3385 | D:4      | Noticed an orc warrior
  3687 | D:4      | Reached XP level 6. HP: 32/36 MP: 5/10
  3921 | D:4      | Found a shimmering altar of Xom.
  4593 | D:4      | Reached skill level 5 in Fire Magic
  4930 | D:4      | Found a sacrificial altar of Ru.
  5031 | D:4      | Reached skill level 1 in Short Blades
  5031 | D:4      | Reached XP level 7. HP: 42/42 MP: 5/12
  5240 | D:4      | Learned a level 4 spell: Sticky Flame
  5398 | D:5      | Entered Level 5 of the Dungeon
  5966 | D:5      | Found an opulent altar of Gozag.
  6000 | D:5      | Found a glowing drain.
  6009 | Sewer    | Entered a sewer
  7460 | D:5      | Reached XP level 8. HP: 34/47 MP: 2/14
  7843 | D:7      | Noticed a kobold demonologist
  7843 | D:7      | Noticed a kobold demonologist
  8144 | D:7      | Reached skill level 6 in Fire Magic
  8198 | D:7      | Identified the +4 scale mail "Ucolosok" {rC+ Str+4 Dex-4}
  8224 | D:7      | Reached skill level 1 in Fighting
  8946 | D:6      | Reached skill level 5 in Conjurations
  9180 | D:6      | Found a hide-covered altar of Uskayaw.
  9500 | D:6      | Found a runed translucent gate.
  9500 | D:6      | Found a runed translucent gate.
  9500 | D:6      | Found a runed translucent gate.
  9676 | D:6      | Noticed mokwee's ghost (novice OpVM)
  9676 | D:6      | Noticed Gargoyl's ghost (novice GnAK)
  9676 | D:6      | Noticed qipq's ghost (amateur OpGl)
  9676 | D:6      | Noticed CurlyBrace's ghost (amateur FeDe)
  9701 | D:6      | Killed mokwee's ghost
  9702 | D:6      | Reached skill level 5 in Stealth
  9702 | D:6      | Reached skill level 5 in Spellcasting
  9702 | D:6      | Reached skill level 7 in Fire Magic
  9702 | D:6      | Reached XP level 9. HP: 52/54 MP: 7/16
  9705 | D:6      | Killed qipq's ghost
  9864 | D:7      | HP: 1/54 [water moccasin skeleton (4)]
 10095 | D:7      | Killed a kobold demonologist
 10184 | D:7      | Killed a kobold demonologist
 10484 | D:7      | Reached XP level 10. HP: 49/62 MP: 10/18
 10492 | D:7      | Reached skill level 5 in Dodging
 10492 | D:7      | Reached skill level 8 in Fire Magic
 10591 | D:7      | Found a broken altar of Ashenzari.
 10648 | D:7      | Found a shimmering blue altar of Sif Muna.
 10651 | D:7      | Became a worshipper of Sif Muna the Loreminder
 10795 | D:7      | Found a staircase to the Ecumenical Temple.
 10907 | D:7      | Found a burning altar of Makhleb.
 11819 | D:7      | Learned a level 5 spell: Fireball
 12371 | D:8      | Found a radiant altar of Vehumet.
 12473 | D:8      | Reached * piety under Sif Muna
 12805 | D:9      | Found Ynkoreor's Book Emporium.
 12833 | D:9      | Bought a book of Power for 585 gold pieces
 12841 | D:9      | Learned a level 5 spell: Iskenderun's Battlesphere
 14141 | D:8      | Reached skill level 9 in Fire Magic
 14323 | D:8      | Reached ** piety under Sif Muna
 14579 | D:8      | Found an opulent altar of Gozag.
 15036 | D:10     | Entered Level 10 of the Dungeon
 15625 | D:10     | Reached XP level 11. HP: 40/67 MP: 4/20
 17145 | D:11     | Reached skill level 1 in Invocations
 17166 | D:11     | Reached *** piety under Sif Muna
 17485 | D:11     | Found Pammeuf's Armour Boutique.
 17486 | D:11     | Found a staircase to the Orcish Mines.
 18140 | D:11     | Reached skill level 10 in Fire Magic
 18144 | D:11     | Found a staircase to the Lair.
 18596 | D:12     | Noticed a manticore
 18604 | D:12     | Killed a manticore
 19241 | D:11     | Noticed an unseen horror
 19262 | D:11     | Killed an unseen horror
 19406 | D:11     | Slain by an ice beast

Illustrated notes

Levels and vault maps discovered:
D:1:      sevenhm_arrival_forest_fort_small_5, layout_basic, minmay_tall_x
D:2:      layout_loops_ring, chequers_temple_overflow_statue_of_worship,
          minitemple, minmay_misc_feat_more_columns, minmay_surrounded
D:3:      layout_loops_ring, uniq_terence
D:4:      layout_basic, lemuel_coloured_pillars_altar, dk_xom_monty_hall
D:5:      layout_cave_pods, basic_altar, cheibrodos_sewer_entry_bend
D:6:      minmay_angry_zag, layout_loops_ring, eat_drink_and_be_merry_uskayaw,
          gammafunk_ghost_cemetery
D:7:      wander_river, layout_gridville, makhleb_grotto_becter,
          nicolae_overflow_hidden_temple, lemuel_blue_sif_altar,
          minmay_temple_entry_stoned_glass
D:8:      layout_basic, kennysheep_mini, special_room [special_room_orc],
          vehumet_altar_wand_db
D:9:      layout_basic, serial_shops, nicolae_shop_stone
D:10:     layout_small_grid
D:11:     minmay_twisted_water, layout_basic, erik_lair_orcish_takeover,
          orc_david_3
D:12:     layout_stronghold, serial_shops, shop, shop,
          kennysheep_generic_room_9, uniq_rupert, uniq_nergalle, uniq_urug

Skill      XL: |  1  2  3  4  5  6  7  8  9 10 11 |
---------------+----------------------------------+-----
Stealth        | 3 4 5 6 |  6.5
Fire Magic     | 4 5 7 9 10 | 10.4
Conjurations   | 2 4 5 7 8 9 |  9.9
Spellcasting   | 3 4 5 6 7 |  7.1
Short Blades   | 1 2 3 |  3.9
Fighting       | 1 2 3 |  3.8
Dodging        | 3 4 5 |  5.9
Invocations    | 3 |  3.2
Throwing       | |  0.8
Evocations     | |  0.2

Action                   |  1- 3 |  4- 6 |  7- 9 | 10-12 || total
-------------------------+-------+-------+-------+-------++-------
Melee: Dagger            |    28 |    58 |     2 |       ||    88
       Constrict         |     8 |    10 |    12 |    18 ||    48
       Tentacles         |     3 |     9 |     9 |    13 ||    34
       Short sword       |       |       |   108 |   101 ||   209
Throw: Dart              |       |     3 |    11 |       ||    14
 Cast: Foxfire           |    48 |    98 |   199 |   277 ||   622
       Conjure Flame     |       |       |     5 |     8 ||    13
       Inner Flame       |       |       |     1 |     1 ||     2
       Sticky Flame      |       |       |     5 |    43 ||    48
       Iskenderun's Batt |       |       |       |     4 ||     4
       Fireball          |       |       |       |     6 ||     6
Invok: Channel Magic     |       |       |       |     2 ||     2
Evoke: Wand              |       |       |       |     2 ||     2
       Lightning rod     |       |       |       |     4 ||     4
  Use: Potion            |     2 |     3 |    21 |     7 ||    33
       Scroll            |     1 |       |     8 |     9 ||    18
 Stab: Sleeping          |     3 |     8 |     2 |    12 ||    25
       Invisible         |       |       |     1 |       ||     1
Armor: Skin              |     1 |    25 |   154 |    29 ||   209
Dodge: Dodged            |    30 |    59 |   159 |   169 ||   417

Table legend: (Time is in decaauts)
 A = Elapsed time spent in this place.
 B = Non-inter-level travel time spent in this place.
 C = Inter-level travel time spent in this place.
 D = Time resting spent in this place.
 E = Time spent auto-exploring this place.
 F = Levels seen in this place.
 G = Mean time per level.
                   A        B        C        D        E       F      G
               +--------+--------+--------+--------+--------+-----+--------+
         Total |  19444 |  19175 |    269 |   5869 |   7638 |  13 | 1495.7 |
       Dungeon |  18572 |  18303 |    269 |   5756 |   7256 |  12 | 1547.7 |
         Sewer |    871 |    871 |      0 |    113 |    382 |   1 |  871.0 |
               +--------+--------+--------+--------+--------+-----+--------+

Top non-repeatable levels by time:
    D:10: 2832 daAuts
     D:7: 2163 daAuts
     D:4: 2154 daAuts
     D:8: 2116 daAuts
     D:6: 1858 daAuts
     D:9: 1395 daAuts
     D:1: 1346 daAuts
     D:2: 1318 daAuts
    D:11: 1285 daAuts
     D:5: 1149 daAuts
     D:3: 924 daAuts
   Sewer: 871 daAuts
    D:12: 27 daAuts
